 Dungeon Crawl Stone Soup version 0.31.0-32-g396128a36d (webtiles) character file.

Game seed: 10782325443834921166

8 spaghetti the Caller (level 2, -2/15 HPs)
             Began as a Tengu Summoner on Mar 8, 2024.
             Slain by a kobold
             ... wielding a +0 dagger
              (4 damage)
             ... on level 1 of the Dungeon.
             The game lasted 00:01:00 (237 turns).

spaghetti the Caller (Tengu Summoner)                Turns: 237, Time: 00:01:00

Health: -2/15      AC:  2    Str:  8    XL:     2   Next: 8%
Magic:  5/6        EV: 12    Int: 15    God:
Gold:   8          SH:  0    Dex: 14    Spells: 4/5 levels left

rFire   . . .        (no weapon)
rCold   . . .        (no shield)
rNeg    . . .        a - +0 robe
rPois   .            (helmet restricted)
rElec   .            (no cloak)
rCorr   .            (no gloves)
SInv    .            (boots unavailable)
Will    .....        (no amulet)
Stlth   ++           (no ring)
HPRegen 0.22/turn    (no ring)
MPRegen 0.10/turn

%: acrobat
@: no status effects
A: beak, talons 3, acrobatic
a: no special abilities


You were on level 1 of the Dungeon.
You visited 1 branch of the dungeon, and saw 1 of its levels.

You collected 8 gold pieces.

Inventory:

Armour
 a - a +0 robe (worn)
Scrolls
 g - a scroll of fear
Potions
 b - a potion of magic
 c - a potion of enlightenment {unknown}
 d - a potion of degeneration


   Skills:
 - Level 2.1 Dodging
 - Level 2.0 Stealth
 + Level 2.3 Spellcasting
 + Level 5.1 Summonings


You had 4 spell levels left.
You knew the following spells:

 Your Spells              Type           Power      Damage    Failure   Level
a - Summon Small Mammal   Summ           68%        N/A       2%          1

Your spell library contained the following spells:

 Spells                   Type           Power      Damage    Failure   Level
 Call Imp                 Summ           34%        N/A       4%          2
 Call Canine Familiar     Summ           17%        N/A       8%          3
 Summon Blazeheart Golem  Fire/Summ      9%         N/A       58%         4
 Summon Lightning Spire   Summ/Air       9%         N/A       58%         4


Dungeon Overview and Level Annotations

Branches:
Dungeon (1/15)

Altars:


Innate Abilities, Weirdness & Mutations

You have a beak for a mouth.
You have claws for feet.
You can magically evade attacks while moving or waiting.


Message History

Confirm with . or Enter, or press ? or * to list all spells.
Your bat barely misses the kobold.
The kobold barely misses you. The quokka bites you.
You hit the kobold but do no damage. Your peck misses the kobold.
Your bat hits the kobold.
Your bat closely misses the kobold.
The quokka bites you but does no damage.
The kobold hits you with a +0 dagger.
You hit the kobold but do no damage.
The kobold is moderately wounded.
Your bat barely misses the kobold.
The quokka bites you.
* * * LOW HITPOINT WARNING * * *
The kobold hits you with a +0 dagger.
* * * LOW HITPOINT WARNING * * *
Your quokka bites the quokka.
You hit the kobold but do no damage.
The kobold is moderately wounded.
The quokka misses you. The kobold hits you but does no damage.
Your quokka bites the quokka but does no damage.
The quokka barely misses you.
Your bat closely misses the kobold.
Unknown command.
Unknown command.
Your bat closely misses the kobold.
Your quokka bites the quokka but does no damage.
The quokka completely misses your quokka.
Unknown command.
Your bat closely misses the kobold.
Your quokka bites the quokka but does no damage.
The kobold attacks as it pursues you! The kobold closely misses you.
The quokka barely misses your quokka.
Your quokka bites the quokka.
Your bat hits the kobold.
Your quokka barely misses the quokka.
Your bat misses the quokka.
Casting: Summon Small Mammal (safe; 2% risk of failure)
Confirm with . or Enter, or press ? or * to list all spells.
You don't know that spell.
You barely miss the kobold.
The kobold is severely wounded.
Your bat misses the kobold.
The frilled lizard closely misses your quokka.
The kobold hits you with a +0 dagger.
You die...

#### ### ..# .... . ###
#.#####......
.....###....#.......
........l...........
.....###...>##......
###.####.#r###......
#.......bK@.......
######.#.#######.# ###
#.##.## ..# #.###.###.#
##### #.# #....#...# #
....# #.# #.....#####.##...
....# #.####..............#
....###..........#####.####
................## #


You could see a kobold (ally target), a frilled lizard, a friendly quokka
(summoned) and a friendly bat (summoned).

Vanquished Creatures
  A hobgoblin (D:1)
  3 jackals (D:1)
4 creatures vanquished.

Vanquished Creatures (collateral kills)
  A quokka (D:1)
  A bat (D:1)
  A goblin (D:1)
3 creatures vanquished.

Grand Total: 7 creatures vanquished

Notes
Turn   | Place    | Note
-------+----------+-------------------------------------------
     0 | D:1      | spaghetti the Tengu Summoner began the quest for the Orb.
     0 | D:1      | Reached XP level 1. HP: 10/10 MP: 4/4
    56 | D:1      | Reached skill level 5 in Summonings
   135 | D:1      | Reached XP level 2. HP: 12/15 MP: 6/6
   237 | D:1      | Slain by a kobold

Illustrated notes

Levels and vault maps discovered:
D:1:      dpeg_arrival_more_subterranean_lakeside_camping, layout_loops_cross,
          chequers_serial_rivers_small_3

Skill      XL: |  1 |
---------------+----+-----
Summonings     | 5 |  5.1
Dodging        | |  2.1
Stealth        | |  2.0
Spellcasting   | |  2.3

Action                     || total
---------------------------++-------
  Melee: Unarmed           ||    41
         Kick              ||     7
         Peck              ||     5
         Punch             ||     1
   Cast: Summon Small Mamm ||     8
    Use: Scroll            ||     3
         Potion            ||     1
 Armour: Robe              ||    26
  Dodge: Dodged            ||    48
